 Dungeon Crawl Stone Soup version 0.31-a0-818-ge7c7cf74f0 (webtiles) character file.

Game seed: 12521991618032668377

6626 Kurtz the Cleaver (level 11, -15/67 HPs)
             Began as an Octopode Fighter on Sept 23, 2023.
             Was a High Priest of Okawaru.
             Demolished by a boulder beetle (25 damage)
             ... on level 1 of the Lair of Beasts.
             The game lasted 00:19:00 (10466 turns).

Kurtz the Cleaver (Octopode Fighter)               Turns: 10466, Time: 00:19:01

Health: -15/67     AC:  5    Str: 27    XL:     11   Next: 2%
Magic:  20/20      EV: 17    Int:  9    God:    Okawaru [*****.]
Gold:   172        SH:  6    Dex: 20    Spells: 17/22 levels left

rFire   . . .        k - +2 falchion (vamp)
rCold   + . .        b - +0 buckler
rNeg    . . .        C - +0 hat "Zohoipty" {Str+4 Dex+2}
rPois   .            (no amulet)
rElec   .            p - ring of protection from cold
rCorr   .            q - +4 ring of protection
SInv    .            m - ring of wizardry
Will    .....        r - +6 ring of dexterity
Stlth   +++          (no ring)
HPRegen 0.31/turn    (no ring)
MPRegen 0.17/turn    (no ring)
                     (no ring)

%: wizardry (x1)
@: no status effects
A: almost no armour, amphibious, 8 rings, camouflage 1, gelatinous body 1,
(nimble swimmer 1), tentacles, strong 1, inability to drink after injury 1,
inability to read after injury 1
a: Renounce Religion, Heroism, Finesse, Duel


You were on level 1 of the Lair of Beasts.
You worshipped Okawaru.
Okawaru was extremely pleased with you.
You visited 3 branches of the dungeon, and saw 11 of its levels.

You collected 496 gold pieces.
You spent 324 gold pieces at shops.

Inventory:

Hand Weapons
 a - a +0 war axe
 h - the +7 rapier of Forgiveness {holy, rC+}
   (You found it on level 8 of the Dungeon)

   rC+:       It protects you from cold.
 k - a +2 vampiric falchion (weapon)
Missiles
 w - 3 javelins
Armour
 b - a +0 buckler (worn)
 C - the +0 hat "Zohoipty" (worn) {Str+4 Dex+2}
   (You found it on level 8 of the Dungeon)

   Str+4:     It affects your strength (+4).
   Dex+2:     It affects your dexterity (+2).
Jewellery
 m - a ring of wizardry (on tentacle)
 p - a ring of protection from cold (left tentacle)
 q - a +4 ring of protection (right tentacle)
 r - a +6 ring of dexterity (on tentacle)
 H - a ring of resist corrosion
Wands
 i - a wand of polymorph (3)
 u - a wand of iceblast (5)
 v - a wand of flame (14)
 D - a wand of digging (1)
Scrolls
 d - 4 scrolls of teleportation {unknown}
 e - 2 scrolls of torment {unknown}
 f - 4 scrolls of amnesia
 g - 2 scrolls of revelation
 j - 2 scrolls of fog
 l - a scroll of poison
 x - 2 scrolls of blinking
 y - 2 scrolls of immolation
 E - 4 scrolls of vulnerability
Potions
 c - 3 potions of might
 n - 2 potions of attraction
 s - 2 potions of magic
 z - 2 potions of curing
 A - a potion of resistance
 B - a potion of haste


   Skills:
 - Level 3.0 Fighting
 * Level 11.2 Axes
 - Level 6.2 Dodging
 - Level 4.6 Shields
 * Level 6.4 Spellcasting
 * Level 7.0 Necromancy
 - Level 2.2 Invocations


You had 17 spell levels left.
You knew the following spells:

 Your Spells              Type           Power      Damage    Failure   Level
a - Agony                 Necr           15%        N/A       16%         5

Your spell library contained the following spells:

 Spells                   Type           Power      Damage    Failure   Level
 Sandblast                Erth           4%         2d4       10%         1
 Passwall                 Tmut/Erth      1%         N/A       16%         2
 Dazzling Flash           Conj/Hex       4%         N/A       28%         3
 Stone Arrow              Conj/Erth      4%         3d7       28%         3
 Brom's Barrelling Bould  Conj/Erth      2%         2d3       65%         4
 Silence                  Hex/Air        1%         N/A       92%         5


Dungeon Overview and Level Annotations

Branches:
Dungeon (9/15)             Temple (1/1) D:5            Lair (1/5) D:9
    Orc: D:9-12

Altars:
Ashenzari
Cheibriados
Dithmenos
Elyvilon
Fedhas
Gozag
Kikubaaqudgha
Makhleb
Nemelex Xobeh
Okawaru
Qazlal
Ru
Sif Muna
Trog
Uskayaw
Vehumet
Wu Jian
Xom
Yredelemnul
Zin
The Shining One

Shops:
D:2 *   D:7 *   D:9 :

Annotations:
D:7 Maggie


Innate Abilities, Weirdness & Mutations

You cannot wear most types of armour.
You are amphibious.
You can wear up to eight rings at the same time.
Your skin changes colour to match your surroundings (Stealth+).
Your rubbery body absorbs attacks. (AC +1, EV +1)
((You are camouflaged when in or above water. (Stealth+)))
You have tentacles for arms and can constrict up to eight enemies at once.
Your muscles are strong. (Str +4, Int/Dex -1)
You occasionally lose the ability to drink potions when taking damage.
You occasionally lose the ability to read scrolls when taking damage.


Message History

The boulder beetle is heavily wounded.
The boulder beetle barely misses you.
You slash the boulder beetle!
You feel better.
The boulder beetle is severely wounded.
The boulder beetle misses you.
You hit the boulder beetle but do no damage.
The boulder beetle is severely wounded.
The boulder beetle leaps! x2
Aiming: Iceblast
Press: ? - help, Shift-Dir - straight line, f - you, p - boulder beetle
Okay, then.
Aiming: Iceblast
Press: ? - help, Shift-Dir - straight line, f/p - boulder beetle
Aim: a boulder beetle (severely wounded)
The mass of ice explodes!
The iceblast engulfs the boulder beetle!
The boulder beetle is severely wounded.
You hear a croak.
The boulder beetle curls into a ball and begins rolling!
Aiming: Iceblast
Press: ? - help, Shift-Dir - straight line, f/p - boulder beetle
Aim: a boulder beetle (severely wounded, rolling)
The mass of ice explodes!
The iceblast engulfs the boulder beetle but does no damage.
The boulder beetle is severely wounded.
Aiming: Iceblast
Press: ? - help, Shift-Dir - straight line, f/p - boulder beetle
Aim: a boulder beetle (severely wounded, rolling)
The mass of ice explodes!
The iceblast engulfs the boulder beetle but does no damage.
The boulder beetle is severely wounded.
Unknown command.
You swing at nothing.
The boulder beetle hits you!!!
Ouch! That really hurt!
* * * LOW HITPOINT WARNING * * *
The boulder beetle stops rolling and uncurls.
You hit the boulder beetle.
You feel better.
The boulder beetle is severely wounded.
The boulder beetle bites you!!
You die...

......... ..... ...
#...(..##.... ..#.
##.......#.#
..##..##..........#..
.........F.....=.....
#..........>.........
#..........†.#..([.
##...................
#......°B@.......##..
#........#........#
........#...(.....#
...........<.....##
.#..........P....#
#P...#....##....#
##..###.#..#...## ###
#.#.#.#### ##.#.#†##


You could see a boulder beetle and a cane toad.

Vanquished Creatures
  A two-headed ogre (D:9)
  A komodo dragon (Lair:1)
  3 hornets
  Prince Ribbit (D:7)
  Sigmund (D:4)
  2 wyverns
  10 yaks
  2 steam dragons
  An acid dragon (D:8)
  A water moccasin (Lair:1)
  A sky beast (D:9)
  3 ice beasts (D:8)
  An orc warrior (D:8)
  A black bear (D:6)
  A tengu (D:9)
  A centaur (D:5)
  An ogre (D:5)
  A phantom (D:5)
  A kobold brigand (D:8)
  3 gnoll sergeants
  3 bullfrogs
  3 scorpions
  A howler monkey (D:5)
  A crimson imp (D:3)
  3 gnoll boudas
  Crazy Yiuf (D:4)
  2 orc priests
  4 hounds
  5 iguanas
  2 sleepcaps (D:7)
  9 orc wizards
  7 adders
  21 gnolls
  A white imp (D:8)
  4 worms
  30 orcs
  3 bats
  5 endoplasms
  A giant cockroach (D:2)
  8 hobgoblins
  8 jackals
  5 quokkas
  12 ball pythons
  4 frilled lizards
  5 goblins
  A goblin zombie (D:3)
  5 hobgoblin zombies (D:3)
  11 kobolds
  A kobold skeleton (D:3)
  2 kobold zombies (D:3)
  2 orc skeletons (D:3)
  An orc zombie (D:3)
  6 rats
214 creatures vanquished.

Notes
Turn   | Place    | Note
-------+----------+-------------------------------------------
     0 | D:1      | Kurtz the Octopode Fighter began the quest for the Orb.
     0 | D:1      | Reached XP level 1. HP: 16/16 MP: 1/1
   135 | D:1      | Reached XP level 2. HP: 21/21 MP: 2/2
   323 | D:1      | Reached skill level 3 in Axes
   352 | D:1      | Reached XP level 3. HP: 11/26 MP: 3/3
  1081 | D:2      | Found a faded altar of an unknown god.
  1247 | D:2      | Reached skill level 4 in Axes
  1247 | D:2      | Reached XP level 4. HP: 31/31 MP: 4/4
  1609 | D:2      | Found Digacub's Assorted Antiques.
  2329 | D:3      | Reached XP level 5. HP: 36/36 MP: 5/5
  2444 | D:3      | Found a glowing golden altar of the Shining One.
  2457 | D:3      | Reached skill level 5 in Axes
  2625 | D:3      | Found a snail-covered altar of Cheibriados.
  2994 | D:3      | Reached XP level 6. HP: 26/42 MP: 6/6
  3278 | D:4      | Reached skill level 6 in Axes
  3505 | D:4      | Noticed Sigmund
  3515 | D:4      | Killed Sigmund
  3516 | D:4      | Reached XP level 7. HP: 30/46 MP: 7/7
  3651 | D:4      | Found a runed translucent door.
  3652 | D:4      | Noticed Crazy Yiuf
  3686 | D:5      | Entered Level 5 of the Dungeon
  3904 | D:5      | Reached skill level 7 in Axes
  3975 | D:5      | Gained mutation: You sometimes lose your temper in combat.
                  | [potion of mutation]
  3979 | D:5      | HP: 2/46 [something (2)]
  4176 | D:5      | Found a staircase to the Ecumenical Temple.
  4346 | Temple   | Entered the Ecumenical Temple
  4367 | Temple   | Became a worshipper of Warmaster Okawaru
  4587 | D:5      | Reached XP level 8. HP: 52/52 MP: 8/8
  4764 | D:5      | Reached skill level 1 in Invocations
  4771 | D:5      | Reached skill level 5 in Dodging
  4913 | D:6      | Found an ornate altar of the Wu Jian Council.
  5201 | D:6      | Reached * piety under Okawaru
  5486 | D:6      | Reached skill level 8 in Axes
  5606 | D:6      | Learned a level 5 spell: Agony
  6000 | D:7      | Noticed Prince Ribbit
  6032 | D:7      | Noticed a yak
  6032 | D:7      | Noticed a yak
  6032 | D:7      | Noticed a yak
  6056 | D:7      | Killed a yak
  6057 | D:7      | Reached skill level 1 in Spellcasting
  6057 | D:7      | Reached skill level 1 in Necromancy
  6059 | D:7      | Killed a yak
  6060 | D:7      | Reached XP level 9. HP: 37/56 MP: 9/11
  6064 | D:7      | Reached ** piety under Okawaru
  6232 | D:7      | Found Gymaelesa's General Store.
  6361 | D:7      | Reached skill level 9 in Axes
  6393 | D:7      | Killed Prince Ribbit
  6616 | D:7      | Bought a potion of haste for 100 gold pieces
  6616 | D:7      | Bought a potion of berserk rage for 50 gold pieces
  6616 | D:7      | Bought a wand of digging (3) for 126 gold pieces
  6793 | D:7      | Found an opulent altar of Gozag.
  6820 | D:7      | Noticed Maggie
  7113 | D:2      | Bought a scroll labelled QEYSTA GUUH for 24 gold pieces
  7113 | D:2      | Bought a scroll labelled OFIEGA KARAPLY for 24 gold pieces
  7186 | D:4      | Killed Crazy Yiuf
  7315 | D:8      | Identified the +7 rapier of Forgiveness {holy, rC+}
  7429 | D:8      | Identified the +0 hat "Zohoipty" {Str+4 Dex+2}
  7559 | D:8      | Reached *** piety under Okawaru
  7796 | D:8      | Noticed a hornet
  7813 | D:8      | Killed a hornet
  7904 | D:8      | Reached XP level 10. HP: 45/63 MP: 16/16
  7905 | D:8      | Reached skill level 10 in Axes
  8188 | D:8      | Reached skill level 5 in Necromancy
  8193 | D:8      | Lost mutation: You sometimes lose your temper in combat.
                  | [potion of mutation]
  8193 | D:8      | Gained mutation: You occasionally lose the ability to drink
                  | potions when taking damage. [potion of mutation]
  8193 | D:8      | Gained mutation: You occasionally lose the ability to read
                  | scrolls when taking damage. [potion of mutation]
  8193 | D:8      | Gained mutation: Your muscles are strong. (Str +4, Int/Dex
                  | -1) [potion of mutation]
  8299 | D:8      | Reached skill level 5 in Spellcasting
  8625 | D:8      | Reached **** piety under Okawaru
  8978 | D:8      | Found a sparkling altar of Nemelex Xobeh.
  8978 | D:8      | Found a faded altar of an unknown god.
  8986 | D:8      | Found a blossoming altar of Fedhas.
  8988 | D:8      | Found a faded altar of an unknown god.
  8990 | D:8      | Found a bloodstained altar of Trog.
  9374 | D:9      | Found a shimmering altar of Xom.
  9375 | D:9      | Noticed an angel
  9383 | D:9      | Found a glowing silver altar of Zin.
  9587 | D:9      | Found Pimet Wak's Tremendous Tomes.
  9769 | D:9      | Noticed a two-headed ogre
  9781 | D:9      | Killed a two-headed ogre
  9934 | D:9      | Found a shimmering blue altar of Sif Muna.
  9935 | D:9      | Found a staircase to the Lair.
  9960 | D:9      | Noticed a deep elf pyromancer
  9972 | D:9      | Reached ***** piety under Okawaru
  9973 | D:9      | Reached skill level 11 in Axes
 10182 | Lair:1   | Entered Level 1 of the Lair of Beasts
 10340 | Lair:1   | Reached XP level 11. HP: 45/67 MP: 20/20
 10431 | Lair:1   | Noticed a boulder beetle
 10466 | Lair:1   | Demolished by a boulder beetle

Illustrated notes

Levels and vault maps discovered:
D:1:      minmay_arrival_stone_box, layout_loops_ring
D:2:      layout_loops_cross, nicolae_ecumenical_snake_handling, serial_shops,
          nicolae_shop_overgrown_old_shop, serial_bayou_pond_a
D:3:      layout_basic, nicolae_tso_besieged_by_evil, slow_altar_2,
          minmay_misc_feat_diagonals, minivault_14
D:4:      layout_gridville, uniq_crazy_yiuf_cottage, uniq_sigmund
D:5:      layout_basic, minmay_temple_entry_slanted
D:6:      layout_rooms, nicolae_wu_jian_immortal_techniques
D:7:      layout_basic, lemuel_crystal_altar, serial_shops,
          nicolae_inconvenience_store, kennysheep_cross_room, uniq_maggie,
          uniq_prince_ribbit1
D:8:      layout_basic, chequers_temple_overflow_minitemple
D:9:      minmay_the_grid_octo_tiled_squarecenter
          [minmay_the_grid_octo_pinwheel, minmay_the_grid_octo_fan_narrow,
          minmay_the_grid_octo_tetromino_candy, minmay_the_grid_octo_empty,
          minmay_the_grid_square_5x5_megaprize_open,
          minmay_the_grid_square_5x5_v, minmay_the_grid_square_5x5_n,
          minmay_the_grid_square_5x5_three_walls,
          minmay_the_grid_square_5x5_spiral_small], layout_rooms,
          grunt_temple_overflow_order_and_chaos_1, mainiacjoe_overflow_alcove_1,
          nicolae_shop_i_like_big_books, hangedman_decor_slide_cut
Temple:   nicolae_temple_ecumenical_triangle
Lair:1:   layout_cave_shapes, gammafunk_ghost_abyssal_escape

Skill      XL: |  1  2  3  4  5  6  7  8  9 10 11 |
---------------+----------------------------------+-----
Axes           | 3 4 5 6 7 8 9 11 | 11.2
Shields        | 4 |  4.6
Dodging        | 4 6 |  6.2
Invocations    | 2 |  2.2
Spellcasting   | 1 4 6 |  6.4
Necromancy     | 2 4 6 7 |  7.0
Fighting       | |  3.0

Action                     |  1- 3 |  4- 6 |  7- 9 | 10-12 || total
---------------------------+-------+-------+-------+-------++-------
  Melee: War axe           |    68 |    39 |       |       ||   107
         Constrict         |    18 |    36 |    47 |    20 ||   121
         Tentacles         |    10 |    38 |    73 |    46 ||   167
         Falchion          |       |    80 |   227 |   166 ||   473
         Punch             |       |     1 |     4 |     4 ||     9
         Rapier            |       |       |    28 |       ||    28
  Throw: Javelin           |       |       |     8 |     6 ||    14
         Dart              |       |       |       |     2 ||     2
   Cast: Agony             |       |       |     1 |     1 ||     2
 Invoke: Heroism           |       |       |       |     2 ||     2
  Evoke: Wand              |       |       |    16 |    32 ||    48
    Use: Potion            |       |     2 |     7 |     1 ||    10
         Scroll            |       |       |     5 |     4 ||     9
   Stab: Sleeping          |     8 |     5 |     7 |     2 ||    22
         Invisible         |       |       |     2 |     2 ||     4
 Armour: Skin              |    27 |    56 |   158 |    90 ||   331
  Dodge: Dodged            |    44 |    52 |   166 |   130 ||   392
  Block: Buckler           |    20 |    22 |    85 |    46 ||   173

Table legend: (Time is in decaauts)
 A = Elapsed time spent in this place.
 B = Non-inter-level travel time spent in this place.
 C = Inter-level travel time spent in this place.
 D = Time resting spent in this place.
 E = Time spent auto-exploring this place.
 F = Levels seen in this place.
 G = Mean time per level.
                   A        B        C        D        E       F      G
               +--------+--------+--------+--------+--------+-----+--------+
         Total |  10696 |  10035 |    661 |   3197 |   4710 |  11 |  972.4 |
       Dungeon |  10370 |   9718 |    652 |   3049 |   4710 |   9 | 1152.2 |
        Temple |     30 |     21 |      9 |      0 |      0 |   1 |   30.0 |
          Lair |    295 |    295 |      0 |    148 |      0 |   1 |  295.0 |
               +--------+--------+--------+--------+--------+-----+--------+

Top non-repeatable levels by time:
     D:8: 2184 daAuts
     D:3: 1482 daAuts
     D:7: 1396 daAuts
     D:5: 1363 daAuts
     D:1: 968 daAuts
     D:2: 802 daAuts
     D:6: 765 daAuts
     D:9: 705 daAuts
     D:4: 701 daAuts
  Lair:1: 295 daAuts
  Temple: 30 daAuts
